AoeStats
← NuMa | Gacha

Arabia

503713477Analyzed
2v2 RM · 1mo ago on Sep 1, 2026· 51m 2s· 4 players
Game mode
Random Map
Map size
Medium (4 player)
Population
200
Speed
Normal
Resources
Standard
Victory
Conquest
Starting age
Dark Age
Ending age
Imperial Age
RankedLock teamsTeams togetherTeam positionsShared explorationLock speedFull tech treeHidden civsTurbo modeCheats
Victory
Defeat
🇺🇸 Armenians · United States
1118
+12
🇨🇴 Franks · Colombia
1070
+14
🇨🇦 Khmer · Canada
1077
-15
🇨🇴 Muisca · Colombia
986
-11
cjblikstad
1:11 Loom
11:26 Feudal Age
12:46 Wheelbarrow
14:25 Town Watch
14:49 Horse Collar
16:39 Double-Bit Axe
21:00 Castle Age
19:35 Gold Mining
19:36 Stone Mining
19:59 Forging
21:27 Scale Mail Armor
21:40 Scale Barding Armor
21:57 Hand Cart
30:36 Fervor
30:47 Sanctity
33:33 Imperial Age
34:26 Fletching
34:36 Padded Archer Armor
35:27 Block Printing
35:34 Sanctity
36:11 Conscription
36:04 Fereters
36:51 Gold Shaft Mining
36:30 Bow Saw
37:04 Leather Archer Armor
37:16 Bodkin Arrow
38:07 Illumination
38:44 Ring Archer Armor
40:26 Ballistics
41:08 Chemistry
42:43 Hoardings
41:30 Elite Composite Bowman
42:22 Masonry
42:51 Town Patrol
42:49 Gambesons
43:20 Squires
43:10 Man-at-Arms
43:37 Arson
43:14 Pikeman
44:31 Iron Casting
43:56 Scale Mail Armor
43:58 Bracer
44:22 Long Swordsman
45:52 Two-Handed Swordsman
45:54 Halberdier
47:59 Blast Furnace
47:15 Chain Mail Armor
49:08 Chain Barding Armor
49:46 Capped Ram
NuMa | Gacha
7:25 Loom
10:02 Feudal Age
10:39 Double-Bit Axe
16:31 Scale Barding Armor
17:23 Forging
23:17 Castle Age
21:44 Gold Mining
23:27 Pikeman
27:25 Wheelbarrow
29:34 Gold Shaft Mining
30:30 Chain Barding Armor
30:40 Husbandry
34:02 Iron Casting
37:30 Stone Mining
37:40 Town Watch
39:13 Hand Cart
43:12 Town Watch
46:00 Imperial Age
44:54 Town Watch
45:44 Town Patrol
46:33 Scale Mail Armor
46:19 Cavalier
47:40 Bow Saw
48:54 Chemistry
48:44 Conscription
50:46 #83
51:48 Blast Furnace
Taquito De Pastor
8:19 Loom
10:35 Feudal Age
12:09 Double-Bit Axe
12:48 Bloodlines
20:42 Castle Age
21:19 Scale Barding Armor
21:24 Forging
21:07 Horse Collar
23:39 Husbandry
31:15 Wheelbarrow
30:10 Pikeman
31:20 Chain Barding Armor
31:06 Scale Mail Armor
31:42 Iron Casting
35:58 Light Cavalry
36:57 Chain Mail Armor
37:05 Chain Barding Armor
39:33 Imperial Age
39:55 Hand Cart
42:46 Cavalier
Vimabuma
2:35 Loom
10:55 Feudal Age
11:49 Champi Runner
12:30 Double-Bit Axe
12:29 Horse Collar
13:03 Fletching
15:45 Gold Mining
21:39 Town Watch
23:12 Forging
23:08 Padded Archer Armor
24:23 Wheelbarrow
26:08 Stone Mining
29:48 Castle Age
29:56 Pikeman
30:38 Squires
31:20 Bow Saw
31:14 Crossbowman
31:58 Bodkin Arrow
32:39 Iron Casting
32:05 Scale Mail Armor
33:24 Thumb Ring
36:43 Chain Mail Armor
37:49 Hand Cart
37:48 Elite Skirmisher
Connection lost

Rejoining the realm…

Still unreachable

The connection could not be restored.

Session expired

The server has moved on; the page needs a fresh start.